[Event "ESCC-50 2022"]
[Site "Lublin"]
[Date "2022.07.05"]
[Round "1.1"]
[White "Baliuniene, Margarita"]
[Black "Mrva, Martin"]
[Result "0-1"]
[ECO "A48"]
[WhiteElo "1935"]
[BlackElo "2385"]
[Annotator "TA"]
[PlyCount "108"]
[EventDate "2022.07.05"]
[EventType "swiss"]
[EventCountry "POL"]
[SourceTitle "playchess.com"]
[Source "ChessBase"]
[SourceQuality "1"]
[TimeControl "40/5400+30:1800+30"]

1. d4 Nf6 2. Nf3 g6 3. c4 Bg7 4. Nc3 O-O 5. g3 c5 6. Bg2 Nc6 7. d5 {[%emt 0:03:03] E60: King's Indian: Unusual lines and Fianchetto Variation without Nc3.} Na5 8. Nd2 {[%emt 0:01:08] [#]} Rb8 $146 ({Predecessor:} 8... d6 9. O-O e6 10. Rb1 exd5 11. cxd5 Bd7 12. b4 cxb4 13. Rxb4 Rc8 14. Nde4 Ne8 15. Nb5 Bxb5 16. Rxb5 a6 17. Rb1 Qd7 18. Bb2 Bxb2 19. Rxb2 {½-½ (40) Harutyunian,T (2538)-Muradli,M (2427) Moscow 2020}) 9. O-O {[%emt 0:01:23] The position is equal.} Ng4 10. Nb5 d6 11. Nxa7 Bd7 12. a4 Ra8 13. Nb5 {[%emt 0:03:04] [#] And now Rb1 would win.} Nxc4 $1 {[%emt 0:00:15][%mdl 64] Remove Defender} 14. Nxc4 Bxb5 {[%emt 0:00:06][%mdl 64] Pin} 15. Qb3 Qe8 16. a5 (16. Nb6 $5 Ra6 17. Ra3 $17) 16... Ne5 ({Better is} 16... Bxc4 $15 17. Qxc4 Qd7) 17. Nxe5 (17. Nb6 {with more complications.} Bxe2 18. Re1 Ba6 19. Nxa8 Qxa8 20. Qc2) 17... Bxe5 18. Re1 (18. Bh6 $142) 18... Bg7 (18... b6 $5) 19. Bd2 Ba6 20. Bc3 Qb5 21. Qc2 Rfc8 22. Bxg7 Kxg7 23. Qc3+ Kg8 24. e4 Qd3 25. Re3 Qxc3 26. Rxc3 Be2 27. Bf1 Bxf1 28. Kxf1 $11 {[%emt 0:00:05][%mdl 4096] Endgame KRR-KRR} b5 29. b3 b4 30. Rc2 Ra6 31. Ke2 f5 32. f3 (32. e5 $16) 32... Kf7 33. Kd3 Rca8 34. Rca2 Kf6 35. exf5 gxf5 36. Kc4 R6a7 37. a6 Rb8 38. f4 (38. h4 $16) 38... Rb6 39. h3 h5 {[%emt 0:01:00] Against g4} 40. h4 Kf7 41. Ra5 Ke8 42. Rb5 $2 (42. Kd3 $11) 42... Rbxa6 43. Rxa6 (43. Rb8+ $142 Kd7 44. Rb7+ Rxb7 45. Rxa6) 43... Rxa6 $19 {[%emt 0:00:06] KR-KR} 44. Rb8+ {[%emt 0:00:04] [#]} Kd7 $1 45. Rh8 Ra2 {[%emt 0:00:11] ...Rg2 is the strong threat.} 46. Rxh5 Rc2+ 47. Kd3 $2 (47. Kb5 Rc3 48. Ka4) 47... Rc3+ 48. Kd2 Rxb3 {[%emt 0:00:13] Strongly threatening ...c4.} 49. Rg5 c4 {[%emt 0:00:08][%cal Bc5c4,Bc4c3][%mdl 32] ( -> ...c3+)} 50. Kc2 Rf3 {[%emt 0:00:15] Black mates.} 51. h5 Rf2+ 52. Kc1 c3 53. Rg8 b3 54. Rb8 Rf1# {[%emt 0:00:07] Weighted Error Value: White=0.56/Black=0.11 (very precise)} 0-1

[Event "ESCC-50 2022"]
[Site "Lublin"]
[Date "2022.07.05"]
[Round "1.2"]
[White "Druckenthaner, Andreas"]
[Black "Wielosz, Jaroslaw"]
[Result "1-0"]
[ECO "C49"]
[WhiteElo "2272"]
[BlackElo "1891"]
[Annotator "TA"]
[PlyCount "81"]
[EventDate "2022.07.05"]
[EventType "swiss"]
[EventCountry "POL"]
[SourceTitle "playchess.com"]
[Source "ChessBase"]
[SourceQuality "1"]
[TimeControl "40/5400+30:1800+30"]

1. e4 e5 2. Nf3 Nc6 3. Nc3 Nf6 4. Bb5 Bb4 5. O-O O-O 6. d3 d6 7. Bg5 Bxc3 8. bxc3 Qe7 9. Nd2 h6 10. Bh4 {[%emt 0:02:36] C49: Four Knights: 4 Bb5 Bb4.} g5 11. Bg3 Bg4 12. f3 {[%emt 0:00:25] White is slightly better.} Bd7 13. Re1 {[%emt 0:05:27] [#]} a6 $146 ({Predecessor:} 13... Nh5 14. Bf2 Nd8 15. Rb1 c6 16. Bc4 b5 17. Bb3 Nf4 18. d4 c5 19. Bd5 Nxd5 20. exd5 {1-0 (43) Meier,V (2300)-Held,P (2255) Berlin 1994}) 14. Bxc6 Bxc6 15. Nc4 Bb5 (15... Nh5 $11) 16. Ne3 $14 Bd7 17. d4 Nh5 18. Bf2 (18. Nd5 $16 Qd8 19. dxe5 Nxg3 20. exd6 (20. hxg3 dxe5 21. Qb1 Rb8 $11) (20. Nf6+ Kg7 $14) 20... cxd6 21. hxg3) 18... Nf4 19. Qd2 Be6 20. c4 f6 21. Rab1 Rfb8 22. Kh1 (22. Nd5 $5 Qg7 23. Kh1 $14) 22... Kf7 ({Better is} 22... b6 $11) 23. Nd5 Bxd5 24. exd5 b5 25. c5 Rd8 26. c4 (26. a4 $5 ) 26... bxc4 27. dxe5 dxe5 28. Qc2 Kg7 (28... Rxd5 $17 {...Nd3 is the strong threat.} 29. Be3 c3 30. Qh7+ Ke6) 29. d6 $1 $11 cxd6 30. c6 $1 Rdc8 (30... Nd3 $2 31. Rb7 Qxb7 32. cxb7 $18) 31. Rb7 Rc7 32. Reb1 {[%emt 0:00:07] [#] And now Rxc7 would win.} ({Much weaker is} 32. Rxc7 Qxc7 33. Qxc4 d5 $17) 32... Rac8 {[%emt 0:01:49] Hoping for ...d5.} 33. Qxc4 d5 34. Qxa6 {[%emt 0:00:28] Strongly threatening Bb6.} Kg6 $2 (34... d4 $11) 35. Bb6 $18 d4 36. Bxc7 Rxc7 37. Rxc7 Qxc7 38. Qb7 Qa5 39. c7 {[%emt 0:00:47] White mates.} Qxa2 40. Rg1 Qf2 41. c8=Q {[%emt 0:02:43] Weighted Error Value: White=0.16 (very precise) /Black=0.72} 1-0

[Event "ESCC-50 2022"]
[Site "Lublin"]
[Date "2022.07.05"]
[Round "1.3"]
[White "Krzyzanowski, Wojciech"]
[Black "Tereladze, Sopiko"]
[Result "0-1"]
[ECO "C55"]
[WhiteElo "1878"]
[BlackElo "2141"]
[Annotator "TA"]
[PlyCount "58"]
[EventDate "2022.07.05"]
[EventType "swiss"]
[EventCountry "POL"]
[SourceTitle "playchess.com"]
[Source "ChessBase"]
[SourceQuality "1"]
[TimeControl "40/5400+30:1800+30"]

1. e4 e5 2. Nf3 Nc6 3. d4 exd4 4. Bc4 Nf6 5. e5 d5 6. Bb5 Ne4 7. Nxd4 Bc5 8. O-O O-O 9. Bxc6 bxc6 10. f3 {[%emt 0:02:16] C56: Two Knights: 4 d4 exd4 5 0-0 Nxe4.} f6 11. exf6 (11. fxe4 $15 fxe5 12. Rxf8+ Qxf8 13. c3) 11... Qxf6 $19 12. c3 (12. Be3 $142 Ba6 13. Re1) 12... Ba6 13. Re1 {[%emt 0:02:50] [#]} Rae8 (13... Qh4 $142 $1 {[%cal Oc5d6] ...Bd6! is the strong threat.} 14. Rxe4 (14. Rf1 Bd6) 14... dxe4) 14. Be3 {[%emt 0:03:34] [#]} Nd6 $2 (14... Bd6 $1 $19 {[%cal Of6h4] Hoping for ...Qh4!} 15. Nd2 Nc5) 15. Nd2 {[%emt 0:04:06] [#]} ({White should try} 15. Na3) 15... Rxe3 $1 $17 16. Rxe3 {[%emt 0:00:08] [#]} Nf5 $1 ({Reject} 16... Bxd4 $6 17. cxd4 Qxd4 18. Nf1 Qxb2 19. Rb1 Qxa2 20. Re7 $11) 17. Re1 {[%emt 0:03:48] Threatens to win with N2b3.} Nxd4 18. cxd4 Bxd4+ 19. Kh1 Bxb2 {[%emt 0:00:45] A strong pair of Bishops.} 20. Rb1 Bd3 $36 {[%emt 0:00:16][%mdl 2048] [#] Inhibits Ne4. Black is in control.} 21. Ne4 $146 ({Predecessor:} 21. Rxb2 Qxb2 22. Nb3 Bg6 23. Re2 Qb1 24. Nc1 Re8 25. Rxe8+ Bxe8 26. h4 Qb4 27. g3 {0-1 (65) Hoermann,D (1907)-Steiner,W (1978) Berlin 2013}) 21... dxe4 {[%emt 0:08:30] 0x0.0002dd6eea3bdp-1022s more active pieces.} 22. Qb3+ Kh8 23. Rxb2 ({White should play} 23. Qxb2 Bxb1 24. Qxf6 gxf6 25. Rxb1) 23... exf3 {[%emt 0:00:43] ( -> ...f2)} 24. gxf3 (24. Qxd3 $17 f2 25. Rbb1 fxe1=N 26. Rxe1) 24... Qxf3+ $19 25. Kg1 $2 (25. Rg2 Qf1+ 26. Rg1 (26. Rxf1 $2 {gets mated.} Rxf1+ 27. Rg1 Be4+)) 25... Qg4+ 26. Rg2 Qd4+ 27. Kh1 Be4 28. Qg3 Rf2 29. Rxe4 (29. Qg4 $142 Bxg2+ 30. Qxg2) 29... Rf1+ {[%emt 0:00:08] Weighted Error Value: White=1.13/Black=0.38} 0-1

[Event "ESCC-50 2022"]
[Site "Lublin"]
[Date "2022.07.05"]
[Round "1.4"]
[White "Lilja, Richard"]
[Black "Leszner, Liliana"]
[Result "0-1"]
[ECO "B06"]
[WhiteElo "2131"]
[BlackElo "1872"]
[Annotator "TA"]
[PlyCount "68"]
[EventDate "2022.07.05"]
[EventType "swiss"]
[EventCountry "POL"]
[SourceTitle "playchess.com"]
[Source "ChessBase"]
[SourceQuality "1"]
[TimeControl "40/5400+30:1800+30"]

1. e4 d6 2. d4 g6 3. Nc3 Bg7 4. h4 Nf6 5. Be2 h5 6. Nf3 c6 7. Bg5 {[%emt 0:05:08] B07: Pirc Defence: Miscellaneous Systems.} Bg4 {[%emt 0:02:42] [#]} 8. Qd2 $146 ({Predecessor:} 8. Nd2 Bxe2 9. Qxe2 b5 10. e5 dxe5 11. dxe5 Ng4 12. O-O-O Qc7 13. Rhe1 e6 14. Nde4 O-O {1-0 (22) Kriechel,B (1865)-Navarro Torres,P (2037) IECG email 2007}) 8... Nbd7 9. O-O-O {[%emt 0:00:47] The position is equal.} b5 {[%emt 0:01:43][%cal Bb7b5,Bb5b4,Bb4c3,Bc3b2][%mdl 32] Threatens to win with ...b4.} 10. d5 $2 (10. e5 $11 b4 11. exf6 bxc3 12. Qxc3 Bxf6 13. Qxc6) 10... b4 $1 $19 11. dxc6 (11. Na4 $142 Nxe4 12. Qe3 Nxg5 13. Nxg5) 11... bxc3 12. cxd7+ Nxd7 13. Qe3 cxb2+ 14. Kb1 Qa5 $40 {[%emt 0:10:56][%mdl 128] White is in trouble.} 15. Rd5 {[%emt 0:08:21] [#]} (15. Nd4 {keeps fighting.}) 15... Qc7 $1 ({Don't blunder} 15... Nc5 $2 16. e5 Be6 17. Bc4 Bxd5 18. Bxd5 $19) 16. e5 {[%emt 0:06:12] Hoping for exd6.} dxe5 17. Nxe5 Nxe5 {[%emt 0:05:02] Dancing on a razor blade.} 18. Rc5 Qb6 19. Bb5+ (19. Rxe5 Bxe5 20. Qxe5) 19... Kf8 20. Bxe7+ (20. Ba4 $142 Nd7 21. Rc6 Qxe3 22. Bxe3) 20... Kxe7 21. Qa3 Kf6 $2 ({Better is} 21... Qd6 $19 22. Re1 Rhd8) 22. Qe3 $4 (22. Rxe5 $11 Be6 23. Qc3) 22... Ke7 23. Qa3 $1 {[%emt 0:00:56] White wants to mate with Rxe5+.} Qd6 {[%emt 0:05:03] And now ...Rhc8 would win.} 24. Re1 Rhd8 {[%emt 0:02:25] Strongly threatening ...Kf8.} 25. Rcxe5+ Bxe5 26. Rxe5+ Kf6 27. Rc5 Qd1+ 28. Kxb2 Qd4+ 29. Kb1 Rab8 30. Qa6+ Rb6 (30... Kg7 $142 31. Qa3 Rdc8 32. Rg5 {[#]} Rxc2 $3 33. Kxc2 Rc8+ 34. Rc5 Rxc5+ 35. Qxc5 Qxc5+ 36. Kd2 Qxb5 37. Kc3 Bf5 38. g4 Qd3+ 39. Kb4 Be6 40. gxh5 Qd4+ 41. Ka5 gxh5 42. f3 Bd7 43. Ka6 Qb6#) 31. Rc6+ Be6 32. Rxb6 Qxb6 (32... Qb4+ $142 33. Kc1 Qf4+ 34. Kb2 Qe5+ 35. Ka3 Qc3+ 36. Ka4 Rd4+ 37. Bc4 axb6 38. Kb5 Qxc4+ 39. Kxb6 Rd6+ 40. Kb7 Rxa6 41. g3 Qc8#) 33. Qa4 Rd1+ 34. Kb2 Qd4+ {[%emt 0:00:24] White did not feel at home in the position after the opening.  Weighted Error Value: White=0.95/Black=0.48} 0-1

[Event "ESCC-50 2022"]
[Site "Lublin"]
[Date "2022.07.05"]
[Round "1.5"]
[White "Zielinski, Olgierd"]
[Black "Padrak, Rafal"]
[Result "0-1"]
[ECO "B12"]
[WhiteElo "1816"]
[BlackElo "2125"]
[Annotator "TA"]
[PlyCount "70"]
[EventDate "2022.07.05"]
[EventType "swiss"]
[EventCountry "POL"]
[SourceTitle "playchess.com"]
[Source "ChessBase"]
[SourceQuality "1"]
[TimeControl "40/5400+30:1800+30"]

1. e4 {[%emt 0:00:05] Sumets,A} c6 2. d4 d5 3. e5 Bf5 4. Nf3 e6 5. Be2 c5 6. c3 Nc6 7. O-O cxd4 {[%emt 0:01:58] B12: Caro-Kann: Advance Variation.} 8. Nxd4 {[%emt 0:00:40] outshines the older 8.cxd4.} Nxd4 9. cxd4 Ne7 {[%emt 0:06:37] The position is equal.} 10. Nc3 Nc6 11. g4 Bg6 12. f4 {[%emt 0:00:10][%cal Bf2f4,Bf4f5,Bf5g6][%mdl 32] [#] f5 is the strong threat.} f6 $146 (12... f5 $11) ({Predecessor:} 12... f5 13. exf6 Qxf6 14. f5 exf5 15. Be3 Bd6 16. Nxd5 Qh4 17. Bf4 Rd8 18. Bxd6 Rxd6 {½-½ (26) Karjakin,S (2772)-Mamedyarov,S (2760) Shamkir 2014 CBM 160 [Sumets,A]}) 13. f5 $18 fxe5 14. fxg6 exd4 (14... hxg6 $142 15. Bb5 Bd6) 15. Nb5 Qb6 16. Bd3 O-O-O 17. Bg5 Rd7 (17... hxg6 $142 18. Rc1 a6) 18. Rc1 a6 {[%emt 0:04:52] [#]} 19. Na3 $2 (19. Qe1 $1 $18 Be7 20. Bxe7 Rxe7 21. Nd6+ Kb8 22. Nf7) 19... hxg6 $1 $11 20. Rc2 $2 (20. Qe1 $11 Bd6 21. b4 Bxh2+ 22. Kg2) 20... e5 $17 {[%emt 0:06:16] Threatens to win with ...e4.} 21. Rcf2 (21. Bxg6 $17 d3+ 22. Rcf2) 21... Bd6 $2 (21... Be7 $19 22. Bxe7 Rxe7 23. Bxg6 e4) 22. Bxg6 $11 {[%emt 0:02:53] A strong pair of Bishops.} Kb8 {[%emt 0:00:33] And now ...e4 would win.} 23. Qb3 $1 Qxb3 24. axb3 e4 25. Bf4 $2 (25. Nc2 $11) 25... Ne5 ({Black should play} 25... Bxf4 $17 26. Rxf4 d3) 26. Bxe5 (26. Bf5 $15 Rdd8 27. Rd2) 26... Bxe5 $19 27. Rf8+ Rxf8 28. Rxf8+ Ka7 {[%emt 0:02:30] Hoping for ...d3.} 29. Nb1 {[%emt 0:03:45] [#]} Rc7 (29... d3 $1 $19 {White must now prevent ...Rd6.} 30. g5 Rc7) 30. Rf1 (30. Rf5 $17 {was worth a try.} Rc1+ 31. Kg2 Rc2+ 32. Kf1 Rc1+ 33. Kg2 Rc2+ 34. Kf1 Rc1+ 35. Kg2) 30... Rc2 31. Bf7 $2 (31. Rf5 {is a better defense.} Bxh2+ 32. Kf1) 31... d3 32. Bxd5 (32. Bg6 $142) 32... e3 33. Nc3 Bd4 {[%emt 0:01:40] ( -> ...e2+)} 34. Ra1 e2+ 35. Kh1 Bxc3 {What a bad dream for White.  Weighted Error Value: White=1.27/Black=0.59} 0-1

[Event "ESCC-50 2022"]
[Site "Lublin"]
[Date "2022.07.05"]
[Round "1.6"]
[White "Lasinskas, Povilas"]
[Black "Puroila, Sippo"]
[Result "1-0"]
[ECO "A56"]
[WhiteElo "2096"]
[BlackElo "1803"]
[Annotator "TA"]
[PlyCount "57"]
[EventDate "2022.07.05"]
[EventType "swiss"]
[EventCountry "POL"]
[SourceTitle "playchess.com"]
[Source "ChessBase"]
[SourceQuality "1"]
[TimeControl "40/5400+30:1800+30"]

1. d4 Nf6 2. c4 c5 3. d5 e5 4. Nc3 d6 5. g3 Be7 6. Bg2 {[%emt 0:00:09] A56: Czech Benoni.} Nbd7 7. Nf3 {[%emt 0:00:30][%cal Bg1f3,Bf3g5,Bg5e6][%mdl 32] is the legacy move (7.e4).} Nf8 8. Qc2 {[%emt 0:00:58] White is better.} Ng6 9. h4 {[%emt 0:01:33] [#]} h5 $146 ({Predecessor:} 9... h6 10. Nd2 Bd7 11. Nf1 a6 12. a4 Qc8 13. a5 Bd8 14. e4 h5 15. Bd2 Ng4 {0-1 (53) Agrifoglio,F (1998)-Salmoiraghi,A (2122) Milan 2008}) 10. Ng5 Bd7 {[%emt 0:01:16] Against Ne6} ({Better is} 10... Nf8) 11. Ne6 $1 $16 {[%emt 0:02:09] White is more active.} Qc8 (11... fxe6 $16 12. Qxg6+ Kf8) 12. Nxg7+ $18 Kf8 {[%emt 0:02:27] [#]} 13. Ne6+ Bxe6 (13... Kg8 14. Bg5) 14. dxe6 Qxe6 15. Bxb7 Rb8 16. Bd5 $36 {[%emt 0:00:26][%mdl 2048] White is on the roll.} Qg4 17. b3 Kg7 (17... Nxd5 $142 18. Nxd5 Bd8) 18. Bg2 {[%emt 0:00:20] [#] Strongly threatening Bh3.} Qd7 19. Bb2 Rhe8 20. Nd5 Nxd5 21. Bxd5 ({Don't take} 21. cxd5 a5 22. O-O a4 23. bxa4 Ra8 $18) 21... f5 22. e3 Bf6 23. Bf3 {[%emt 0:01:33][%cal Bd5f3,Bf3h5,Bh5g6][%mdl 32] A strong pair of Bishops.} Rh8 24. e4 f4 25. Qe2 {[%emt 0:00:26] Black must now prevent 0-0-0.} fxg3 (25... Ne7 $142 26. gxf4 Nc6 27. Bxh5 Nd4) 26. fxg3 {[%emt 0:00:08] White is clearly winning.} Qc6 27. O-O-O a5 28. Bxh5 a4 29. Bxg6 {[%emt 0:00:30] Black did not feel at home in the position after the opening.  Weighted Error Value: White=0.14 (very precise) /Black=0.41} 1-0

[Event "ESCC-50 2022"]
[Site "Lublin"]
[Date "2022.07.05"]
[Round "1.7"]
[White "Chwalewski, Marek"]
[Black "Klimaszewski, Dariusz"]
[Result "0-1"]
[ECO "A48"]
[WhiteElo "1774"]
[BlackElo "2152"]
[Annotator "TA"]
[PlyCount "86"]
[EventDate "2022.07.05"]
[EventType "swiss"]
[EventCountry "POL"]
[SourceTitle "playchess.com"]
[Source "ChessBase"]
[SourceQuality "1"]
[TimeControl "40/5400+30:1800+30"]

1. Nf3 Nf6 2. d4 g6 3. Bg5 Bg7 4. Bxf6 exf6 5. h4 h5 6. e3 {[%emt 0:01:06] A45: Trompowsky Attack.} d6 {[%emt 0:01:59][%cal Bd7d6,Bd6d5][%mdl 32] [#]} 7. Bc4 $146 ({Predecessor:} 7. Nc3 O-O 8. Bc4 Bg4 9. Qd3 c6 10. Bb3 d5 11. e4 dxe4 12. Nxe4 Bxf3 13. gxf3 {0-1 (38) Dowgird,F (2348)-Onischuk,V (2622) Chess.com INT 2021}) 7... O-O 8. Qd3 {[%emt 0:01:49] Black has an edge.} d5 9. Bb3 a5 10. a4 c6 11. Nc3 Na6 12. O-O-O Nb4 13. Qd2 Bg4 14. Rdg1 Bxf3 (14... Bd7 $15) 15. gxf3 $11 f5 16. Ne2 Qf6 17. c3 Na6 18. Nf4 Kh7 19. Bc2 {[%emt 0:02:09][%cal Of4h5] Nxh5! is the strong threat.} Nc7 {[%emt 0:02:04] [#]} (19... Bh6 $1 $11 {keeps the balance.}) 20. Rg5 (20. Nxh5 $1 $16 gxh5 21. Rg5) 20... Bh6 $1 21. Nxh5 $1 Qe7 {[%emt 0:00:12] [#]} 22. f4 {[%emt 0:25:51][%mdl 8192] This move loses the game for White.} Bxg5 $19 23. hxg5 gxh5 24. Qd3 Kg7 25. Qxf5 Rh8 {[%emt 0:00:11] Prevents Qh7+.} 26. Qh3 Ne6 27. Rg1 Rag8 28. Qg3 h4 29. Qh3 Kf8 30. g6 $2 (30. Rg4 {is tougher.}) 30... fxg6 {[%emt 0:02:11] Black is clearly winning.} 31. Bxg6 {[%emt 0:00:10] White wants to mate with Qf5+.} Qf6 32. f5 {[%emt 0:00:22] [#]} Ke7 $1 {[%emt 0:01:55] And now ...Nf8 would win.} 33. Qh2 (33. Re1 Ng5) 33... Nf8 34. Qc7+ Nd7 35. Qxa5 b6 36. Qa6 h3 {[%emt 0:00:42][%cal Bh4h3,Bh3h2][%mdl 32] Strongly threatening ...h2.} 37. Qe2 h2 38. Rh1 Rh4 {[%emt 0:01:20] White must now prevent ...Nf8.} 39. f3 Rgh8 40. e4 dxe4 {[%emt 0:00:00] Threatens to win with ...Qg5+.} 41. fxe4 Qg5+ 42. Kc2 Qg4 43. Qd1 Qxd1+ {[%emt 0:01:46] Weighted Error Value: White=0.68/Black=0.19 (very precise)} 0-1

[Event "ESCC-50 2022"]
[Site "Lublin"]
[Date "2022.07.05"]
[Round "1.8"]
[White "Kirszenberg, Marc"]
[Black "Warnk, Torsten"]
[Result "1-0"]
[ECO "D35"]
[WhiteElo "2056"]
[BlackElo "1763"]
[Annotator "TA"]
[PlyCount "61"]
[EventDate "2022.07.05"]
[EventType "swiss"]
[EventCountry "POL"]
[SourceTitle "playchess.com"]
[Source "ChessBase"]
[SourceQuality "1"]
[TimeControl "40/5400+30:1800+30"]

1. d4 d5 2. c4 e6 3. Nc3 Nf6 4. cxd5 Nxd5 5. e4 Nxc3 6. bxc3 Be7 7. Nf3 b6 8. Bd3 Bb7 9. O-O O-O 10. Bf4 {[%emt 0:02:12] D35: Queen's Gambit Declined: Exchange Variation.} Nd7 11. Re1 c5 {[%emt 0:03:14] [#]} 12. d5 $146 {[%emt 0:01:03] White is better.} ({Predecessor:} 12. a4 Nf6 13. Qb3 Qc8 14. h3 Rd8 15. a5 bxa5 16. Rxa5 cxd4 17. cxd4 Qd7 18. Bb5 {1-0 (34) Radosevic,N (1693)-Vuckovic,I (1205) Podgorica 2020}) 12... exd5 13. exd5 Bf6 14. Rc1 {[%emt 0:01:03] 0x0.0005ea73bbbddp-1022s more active pieces. The black rooks are badly placed.} Re8 15. c4 Rxe1+ 16. Qxe1 Nf8 17. Qe2 Ng6 18. Bg3 $36 {[%emt 0:00:44][%mdl 2048] White is in control.} Qd7 19. h4 (19. Qc2 $16) 19... Re8 $14 20. Qc2 Nf8 (20... Bc8 $14) 21. Bf5 Qd8 22. Qa4 Re7 23. Rd1 a6 24. Qb3 g6 25. Bh3 Nd7 $2 {[%emt 0:03:11] [#] A mistake that costs the game.} (25... Re2 $16) 26. Rb1 b5 27. cxb5 Ne5 (27... a5 {is a better defense.} 28. Bd6 Re4) 28. bxa6 Nxf3+ $2 (28... Bxd5 29. Qb8 Nxf3+ 30. gxf3 Qxb8 31. Rxb8+ Kg7) 29. Qxf3 $18 Bxd5 30. Qxf6 {[%emt 0:04:00] Threatening mate with Be5.} Bxa2 {[%emt 0:03:08] [#]} 31. Be5 $1 {[%emt 0:01:11] Weighted Error Value: White=0.15 (very precise) /Black=0.63} 1-0

[Event "ESCC-50 2022"]
[Site "Lublin"]
[Date "2022.07.05"]
[Round "1.9"]
[White "Krzyzanowska-Zadlo, Lidia"]
[Black "Garabetyan, Arno"]
[Result "1-0"]
[ECO "B21"]
[WhiteElo "1732"]
[BlackElo "2056"]
[Annotator "TA"]
[PlyCount "81"]
[EventDate "2022.07.05"]
[EventType "swiss"]
[EventCountry "POL"]
[SourceTitle "playchess.com"]
[Source "ChessBase"]
[SourceQuality "1"]
[TimeControl "40/5400+30:1800+30"]

1. e4 c5 2. d4 cxd4 3. c3 Nf6 4. e5 Nd5 5. Nf3 e6 6. cxd4 d6 7. Bc4 Be7 8. O-O O-O 9. Nc3 Nxc3 10. bxc3 Qc7 {[%emt 0:00:20] B22: Sicilian: 2 c3.} 11. Qd3 Nd7 12. exd6 (12. Bg5 {seems wilder.} Re8 13. Bxe7 Rxe7 14. Ng5) 12... Bxd6 {[%emt 0:00:46] The position is equal.} 13. Bb3 b6 $1 14. Bb2 Bb7 15. h3 Rfd8 {[%emt 0:00:37][%cal Ob6b5] [#]} 16. Ng5 $146 ({Predecessor:} 16. Rfe1 Nc5 17. Qe2 Nxb3 18. axb3 b5 19. Ne5 a6 20. Rac1 Qe7 21. Qg4 Rac8 22. c4 Bxe5 23. Rxe5 bxc4 {0-1 (38) Meshcheriakova,E (2220)-Zozulia,A (2305) Budva 2002}) 16... Nf6 17. Rfe1 Bh2+ 18. Kh1 {[%emt 0:00:40][%cal Oe1e6] aiming for Rxe6!} Bf4 {[%emt 0:00:06] [#]} 19. Nf3 (19. Nxf7 $1 $11 Kxf7 20. Bxe6+ (20. Qf5 $2 Kg8 $17) 20... Kf8 21. c4) 19... Rac8 20. c4 Ba6 21. g3 Bh6 (21... Bd6 $5 22. Rac1 e5 $15) 22. Ne5 Nd7 {[%emt 0:00:38] [#]} (22... g6 $11 {keeps the balance.}) 23. Ng4 $2 (23. Nxf7 $1 $16 Kxf7 24. Rxe6 Bxc4 25. Rxh6 $1 Bxb3 26. Qxb3+ Qc4 27. Rd6 (27. Rxh7 Nf6 $15)) 23... Bg5 $15 (23... Bxc4 24. Nxh6+ gxh6 25. Qe3 $11) 24. h4 Be7 25. Rac1 Nc5 26. Qe3 {[%emt 0:00:26] Active counter play!} (26. Qf3 $2 Rxd4 $3 27. Kh2 (27. Bxd4 $2 Bb7 $19) 27... Bb7 $19) 26... Nxb3 27. axb3 {[%emt 0:00:06][%cal Od4d5] d5! is the strong threat.} Bb7+ ({Much less strong is} 27... Bb4 28. d5 Bf8 29. Qg5 $16 (29. dxe6 Bb7+ 30. Kh2 fxe6 $16)) 28. d5 Bc5 $2 {[%emt 0:02:14][%mdl 8192] Loses the game.} (28... exd5 $14 29. Qxe7 d4+ 30. Kg1 (30. Kh2 Qc6 $11) 30... Qc6 31. Qxf7+ Kxf7 32. Ne5+ Kg8 33. Nxc6 Bxc6) 29. Qg5 f5 30. Nf6+ Kh8 31. Nh5 Rd7 32. Rxe6 Bf8 33. Rce1 {[%emt 0:00:53][%cal Oh5g7] Threatening mate with Nxg7!} Qd8 {[%emt 0:06:05] [#]} 34. Qxf5 (34. Nf6 $142 $1 Be7 {[#]} 35. Qxf5 $1 Bxf6 36. Re8+ Qxe8 37. Rxe8+ Rxe8 38. Qxd7) 34... Rd6 (34... Rxd5 $18 35. cxd5 Qxd5+ 36. Qxd5 Bxd5+ 37. R6e4 Kg8) 35. Nxg7 Rxd5 36. Qf3 Rd7 $18 37. Nf5+ Kg8 {[%emt 0:02:47] [#]} (37... Bg7 $142 38. Qxb7 Rxb7 39. Nxg7 Rxg7) 38. R1e4 $1 Rd2 (38... Bxe4 39. Rxe4) 39. Qg4+ {[%emt 0:00:40] White mates.} Kf7 40. Qh5+ Kg8 {[%emt 0:00:00] [#]} 41. Rg6+ $3 {[%emt 0:06:52][%mdl 512] Weighted Error Value: White=0.64/Black=0.74} 1-0